 Dungeon Crawl Stone Soup version 0.18-a0-1078-gebb93d0 (webtiles) character file.

445 4thArraOfDagon the Skirmisher (level 7, 8/76 HPs)
             Began as an Ogre Hunter on Jan 14, 2016.
             Quit the game on level 7 of the Dungeon.
             The game lasted 00:06:59 (1003 turns).

4thArraOfDagon the Skirmisher (Ogre Hunter)         Turns: 1003, Time: 00:06:59

Health: 8/76       AC:  4    Str: 18    XL:     7   Next: 3%
Magic:  8/8        EV: 10    Int: 12    God:
Gold:   98         SH:  0    Dex: 10    Spells: 2 memorised, 3 levels left

rFire  . . .     SeeInvis .     l - +1 giant club
rCold  . . .     Gourm    .     b - +1 robe
rNeg   . . .     Faith    .     (shield currently unavailable)
rPois  .         Spirit   .     (helmet restricted)
rElec  .         Dismiss  .     (no cloak)
rCorr  .         Reflect  .     (gloves unavailable)
SustAt .         Harm     .     (boots unavailable)
MR     .....                    (no amulet)
Stlth  +.........               (no ring)
                                (no ring)

@: lethally poisoned (8 -> -8), not resistant to hostile enchantments, very
unstealthy
A: unfitting armour, tough skin 1
a: no special abilities


You were on level 7 of the Dungeon.
You were hungry.

You visited 1 branch of the dungeon, and saw 7 of its levels.

You collected 98 gold pieces.

Inventory:

Hand Weapons
 a - a +0 short sword
 g - a +0 spear
 l - a +1 giant club (weapon)
Armour
 b - a +1 robe (worn)
Scrolls
 m - a scroll of enchant armour
 n - a scroll of identify
Potions
 i - a potion of flight
Comestibles
 d - 2 chunks of flesh
 f - a bread ration
 h - 4 meat rations
 k - a royal jelly


   Skills:
 + Level 6.5 Fighting
 * Level 4.4 Maces & Flails
 - Level 4.0 Throwing
 - Level 3.4 Dodging
 - Level 0.7 Stealth
 + Level 0.9 Spellcasting
 * Level 0.4 Charms
 * Level 0.5 Necromancy


You had 3 spell levels left.
You knew the following spells:

 Your Spells              Type           Power        Failure   Level  Hunger
a - Regeneration          Chrm/Necr      #.........   80%         3    ####...
b - Animate Skeleton      Necr           N/A          28%         1    ##.....


Dungeon Overview and Level Annotations

Branches:
Dungeon (7/15)
 Temple: D:4-7

Altars:
Elyvilon
Trog
Yredelemnul

Annotations:
D:5 Menkaure


Innate Abilities, Weirdness & Mutations

You are too large for most types of armour.
You have tough skin (AC +1).


Message History

The killer bee poisons you! The killer bee closely misses you.
You miss the killer bee.
You feel sick. The killer bee closely misses you. The killer bee stings you.
The killer bee stings you!
You are more poisoned.
The killer bee poisons you!
You closely miss the killer bee.
You feel sick. The killer bee stings you! x2
You are more poisoned.
The killer bee poisons you! The killer bee stings you!
You are feeling hungry.
You miss the killer bee.
You feel sick. The killer bee stings you.
* * * LOW HITPOINT WARNING * * *
The killer bee stings you!
* * * LOW HITPOINT WARNING * * *
The killer bee stings you but does no damage.
You are too injured to fight recklessly!
You are too injured to fight recklessly!
You are too injured to fight recklessly!
You are too injured to fight recklessly!
Unknown command.
Are you sure you want to abandon this character and quit the game? (Confirm with "yes".)

#...#.###.####
###..## ##...#
#.#<###.####
#.##.#.####
#.........#
####..#####
#.## #.# ###
#.#
#@#########
#.#
#y#.......#
#.#
#.#y#####.#
#.# #.#)# #.#
## #.# #.#.#
#.# #. #.#
#(..# #.# #.
#.# ##### #.#
#. #.#
####.#######.
#.#
##............


You could see a killer bee.

Vanquished Creatures
  2 ogres
  A centaur (D:6)
  A giant frog (D:7)
  A hound (D:7)
  An orc wizard (D:4)
  An iguana (D:6)
  A worker ant zombie (D:6)
  4 worms
  A giant gecko (D:7)
  2 orcs
  2 giant cockroaches
  2 hobgoblins
  A quokka (D:7)
  A bat (D:2)
  4 giant newts
  2 goblins (D:3)
  7 rats
34 creatures vanquished.

Notes
Turn   | Place    | Note
--------------------------------------------------------------
     0 | D:1      | 4thArraOfDagon the Ogre Hunter began the quest for the Orb.
     0 | D:1      | Reached XP level 1. HP: 22/22 MP: 1/1
    30 | D:2      | Noticed a moth of wrath
    32 | D:2      | Found a bloodstained altar of Trog.
   106 | D:2      | Reached XP level 2. HP: 17/31 MP: 2/2
   474 | D:3      | Reached XP level 3. HP: 31/39 MP: 3/3
   555 | D:4      | Reached XP level 4. HP: 11/49 MP: 4/4
   607 | D:4      | Noticed an ogre
   623 | D:4      | Killed an ogre
   623 | D:4      | Reached skill level 5 in Fighting
   623 | D:4      | Reached XP level 5. HP: 25/57 MP: 5/5
   648 | D:5      | Entered Level 5 of the Dungeon
   650 | D:5      | Noticed an ogre
   653 | D:5      | Killed an ogre
   653 | D:5      | Reached XP level 6. HP: 34/67 MP: 6/6
   712 | D:5      | Noticed Menkaure
   732 | D:6      | Found a basalt altar of Yredelemnul.
   741 | D:6      | Reached skill level 6 in Fighting
   801 | D:6      | Found a white marble altar of Elyvilon.
   861 | D:7      | Learned a level 3 spell: Regeneration
   863 | D:7      | Learned a level 1 spell: Animate Skeleton
   910 | D:7      | Reached XP level 7. HP: 44/76 MP: 6/8
  1003 | D:7      | Quit the game

Vault maps used:
D:1:      minmay_arrival_checkered_box
D:2:      lemuel_round_altar, grunt_dithmenos_smoke_and_mirrors, tgw_trog
D:3:      tso_oasis_becter, minmay_tree_intersection, kennysheep_nub,
          kennysheep_generic_room_15
D:4:      cheibriados_altar_wand_db, temple_green, first_bread, serial_shops,
          shop, hangedman_decor_growths, minivault_25
D:5:      lemuel_altar_in_water2, uniq_edmund, uniq_menkaure,
          uniq_crazy_yiuf_cottage
D:6:      elyvilon_altar_4, grunt_decor_fettered, yredelemnul_altar_generic
D:7:      serial_shops, shop, minmay_misc_feat_plants, grunt_ogre_cave,
          serial_bayou_pond_b, serial_park_tiny_1

Action                   |  1- 3 |  4- 6 |  7- 9 || total
-------------------------+-------+-------+-------++-------
Melee: Short sword       |    14 |       |       ||    14
       Spear             |    82 |     3 |       ||    85
       Giant club        |       |     7 |    12 ||    19
Throw: Large rock        |    15 |    13 |     4 ||    32
       Throwing net      |     3 |     3 |       ||     6
  Use: Scroll            |       |     5 |     2 ||     7
       Potion            |       |       |     2 ||     2
 Stab: Held in net/web   |     2 |       |       ||     2
